 Dungeon Crawl Stone Soup version 0.16-a0-3553-gf2c86d1 (webtiles) character file.

36 Minkie the Ruffian (level 3, 0/28 HPs)
             Began as a Draconian Transmuter on Jan 10, 2015.
             Slain by a goblin (2 damage)
             ... led by Robin
             ... on level 2 of the Dungeon.
             The game lasted 00:03:54 (1597 turns).

Minkie the Ruffian (Draconian Transmuter)           Turns: 1597, Time: 00:03:54

Health: 0/28       AC:  5    Str: 12    XL:     3   Next: 19%
Magic:  6/6        EV: 12    Int: 14    God:
Gold:   96         SH:  0    Dex: 11    Spells: 1 memorised, 5 levels left

rFire  . . .     SeeInvis .       - Unarmed
rCold  . . .     Clarity  .     (armour unavailable)
rNeg   . . .     SustAb   .     (no shield)
rPois  .         Gourm    .     (helmet restricted)
rElec  .         Spirit   .     (no cloak)
rCorr  .         Warding  .     (no gloves)
rMut   .         Stasis   .     (no boots)
MR     .....                    (no amulet)
Stlth  +.........               (no ring)
                                (no ring)

@: not resistant to hostile enchantments, very unstealthy
A: unfitting armour, cold-blooded, AC +5
a: no special abilities


You were on level 2 of the Dungeon.
You were not hungry.

You visited 1 branch of the dungeon, and saw 2 of its levels.

You collected 96 gold pieces.

Inventory:

Missiles
 b - 12 arrows
 e - 3 poisoned javelins (quivered)
 p - 5 arrows of frost
Scrolls
 c - 4 scrolls of teleportation {unknown}
 g - a scroll of amnesia {unknown}
 j - a scroll of identify {unknown}
 l - a scroll of magic mapping {unknown}
 m - a scroll of remove curse {unknown}
Potions
 o - a potion of invisibility {unknown}
Books
 d - a book of Changes

   Spells                             Type                      Level
   a - Beastly Appendage              Transmutation                1
   b - Sticks to Snakes               Transmutation                2
   c - Spider Form                    Transmutation/Poison         3
   d - Ice Form                       Ice/Transmutation            4
   e - Blade Hands                    Transmutation                5
Comestibles
 a - a bread ration
 f - 2 slices of pizza
 h - 2 beef jerkies
 i - 2 meat rations
 k - a royal jelly
 q - 2 chunks of flesh


   Skills:
 - Level 1.1 Fighting
 - Level 1.7 Dodging
 + Level 3.6 Unarmed Combat
 - Level 2.0 Spellcasting
 + Level 3.0 Transmutations


You had 5 spell levels left.
You knew the following spells:

 Your Spells              Type           Power        Failure   Level  Hunger
a - Beastly Appendage     Trmt           #.....       10%         1    ##.....


Dungeon Overview and Level Annotations

Branches:
Dungeon (2/15)

Altars:
Nemelex Xobeh

Annotations:
D:2 Robin


Innate Abilities, Weirdness & Mutations

Your plain brown scales are hard (AC +5).
Your body does not fit into most forms of armour.
Your cold-blooded metabolism reacts poorly to cold.


Message History

You hit the goblin.
You kill the goblin!
Robin roars a battlecry!
The goblins go into a battle-frenzy!
The hobgoblin hits you but does no damage.
Robin throws the goblin at you! The goblin hits you.
* * * LOW HITPOINT WARNING * * *
Items here: " ( ))) ††† Robin throws the goblin at you!
The goblin hits you.
* * * LOW HITPOINT WARNING * * *
The goblin barely misses you. The goblin barely misses you. x2
Robin roars a battlecry!
The hobgoblin goes into a battle-frenzy!
The goblin wields a hunting sling.
The goblin shoots a sling bullet.
The sling bullet hits you but does no damage.
You see here a sling bullet.
Drink which item? (? for menu, Esc to quit)
It was a potion of restore abilities.
You feel refreshed. The goblin hits you.
You die...

♣♣.♣♣ ♣♣.P.♣ ♣.P.P♣
#....# .#. #....#
#...
######..g.###..#....
........gg.gg.g.!....
#######g######.##...
#@# #.########.
#..........
########.########.
............###
#######......#
#####.#.#.#.##
#....##......#
#.###.#.#.#...#


You could see a hobgoblin (frenzied) and 3 goblins.

Vanquished Creatures
  A giant mite (D:2)
  A giant gecko (D:1)
  4 hobgoblins
  4 kobolds (D:1)
  5 bats (D:1)
  2 giant newts (D:2)
  9 goblins
  A rat (D:1)
27 creatures vanquished.

Notes
Turn   | Place    | Note
--------------------------------------------------------------
     0 | D:1      | Minkie, the Draconian Transmuter, began the quest for the Orb.
     0 | D:1      | Reached XP level 1. HP: 16/16 MP: 3/3
    55 | D:1      | Found a sparkling altar of Nemelex Xobeh.
   444 | D:1      | Reached XP level 2. HP: 4/23 MP: 4/4
  1411 | D:2      | Reached XP level 3. HP: 20/28 MP: 6/6
  1574 | D:2      | Noticed Robin
  1593 | D:2      | HP: 1/28 [goblin[Robin] (4)]
  1597 | D:2      | Slain by a goblin

Action                   || total
-------------------------++-------
Melee: Unarmed           ||   110
 Cast: Beastly Appendage ||     1
  Use: Potion            ||     2
  Eat: Chunk             ||     2
